 Dungeon Crawl Stone Soup version 0.30.1-4-g462c640d31 (webtiles) character file.

Game seed: 10291662518737309708

18088 coolio the Cleaver (level 12, -4/91 HPs)
             Began as a Demonspawn Fighter on Sept 1, 2023.
             Was an Elder of Makhleb.
             Slain by an ironbound frostheart (14 damage)
             ... in an ice cave.
             The game lasted 00:21:27 (13209 turns).

coolio the Cleaver (Demonspawn Fighter)            Turns: 13209, Time: 00:21:27

Health: -4/91      AC: 21    Str: 27    XL:     12   Next: 24%
Magic:  20/20      EV: 10    Int: 13    God:    Makhleb [****..]
Gold:   446        SH:  9    Dex: 13    Spells: 11/11 levels left

rFire   + + .        q - +5 trident of Dithmenos's Delight {heavy, rElec Int+3 Stlth+}
rCold   . . .        (no shield)
rNeg    . . .        b - +0 scale mail
rPois   +            k - +0 helmet
rElec   +            (no cloak)
rCorr   .            u - +2 pair of gloves
SInv    .            (no boots)
Will    .....        I - amulet of reflection
Stlth   +            d - +6 ring of strength
HPRegen 0.35/turn    J - ring of protection from fire
MPRegen 0.17/turn

%: reflection
@: mighty
A: hooves 2, slimy green scales 3, icemail 1, condensation shield, demonic magic
1, fire resistance 1, wild magic 2, MP-powered wands
a: Renounce Religion, Minor Destruction, Lesser Servant of Makhleb, Major
Destruction


You were in an ice cave.
You worshipped Makhleb.
Makhleb was greatly pleased with you.
You visited 3 branches of the dungeon, and saw 13 of its levels.
You also visited: Ice Cave.

You collected 845 gold pieces.
You spent 399 gold pieces at shops.

Inventory:

Hand Weapons
 h - a +0 battleaxe of draining
 q - the +5 trident of Dithmenos's Delight (weapon) {heavy, rElec Int+3 Stlth+}
   (You found it on level 3 of the Dungeon)

   Int:       It affects your intelligence (+3).
   rElec:     It insulates you from electricity.
   Stlth:     It makes you more stealthy.
 x - a +1 heavy war axe
 B - a +3 war axe of freezing
Armour
 b - a +0 scale mail (worn)
 k - a +0 helmet (worn)
 u - a +2 pair of gloves (worn)
Jewellery
 d - a +6 ring of strength (left hand)
 s - an amulet of faith
 C - a +6 ring of strength
 I - an amulet of reflection (around neck)
 J - a ring of protection from fire (right hand)
Wands
 e - a wand of mindburst (16)
 r - a wand of roots (19)
 w - a wand of quicksilver (11)
 y - a wand of paralysis (2)
 z - a wand of flame (10)
Scrolls
 a - 6 scrolls of blinking
 c - 3 scrolls of fog
 g - 3 scrolls of vulnerability
 i - a scroll of enchant weapon
 l - 2 scrolls of brand weapon
 m - a scroll of enchant armour
 n - 2 scrolls of silence
 p - 3 scrolls of teleportation
 v - a scroll of amnesia
 D - 2 scrolls of torment
 E - a scroll of summoning
 F - 3 scrolls of fear
 P - 2 scrolls of poison
Potions
 j - 3 potions of curing
 o - 3 potions of lignification
 t - 4 potions of flight
 A - 2 potions of mutation
 K - 3 potions of attraction
 M - a potion of ambrosia {unknown}
 O - a potion of invisibility {unknown}


   Skills:
 - Level 7.0 Fighting
 * Level 13.2 Axes
 + Level 9.7 Armour
 - Level 2.6 Shields
 + Level 11.0 Invocations


You had 11 spell levels left.
You didn't know any spells.
Your spell library contained the following spells:

 Spells                   Type           Power      Damage    Failure   Level
 Magic Dart               Conj           0%         1d3       69%         1
 Call Imp                 Summ           0%         N/A       80%         2
 Mephitic Cloud           Conj/Pois/Air  0%         N/A       95%         3
 Portal Projectile        Hex/Tloc       0%         N/A       95%         3
 Tukima's Dance           Hex            0%         N/A       95%         3
 Blade Hands              Tmut           0%         N/A       100%        5


Dungeon Overview and Level Annotations

Branches:
Dungeon (10/15)            Temple (1/1) D:7            Lair (2/5) D:10
 Shoals (0/4) Lair:2          Orc (0/2) D:10          IceCv (1/1)
  Snake: Lair:2-3    Spider: Lair:2-3

Altars:
Ashenzari
Cheibriados
Dithmenos
Fedhas
Gozag
Hepliaklqana
Kikubaaqudgha
Makhleb
Okawaru
Ru
Sif Muna
Trog
Uskayaw
Vehumet
Wu Jian
Xom

Shops:
D:8 ?   D:9 *


Innate Abilities, Weirdness & Mutations

You have hoof-like feet.
You are completely covered in slimy green scales. (AC +4, rPois)
A meltable icy envelope protects you from harm. (AC +4)
A meltable shield of frost defends you. (SH +4)
Spells you cast may paralyse adjacent enemies.
Your flesh is heat resistant. (rF+)
Your spells are harder to cast, but more powerful.
You expend magic power (3 MP) to strengthen your wands.


Message History

Makhleb accepts your kill.
You feel better.
You feel very mighty all of a sudden.
The ironbound frostheart barely misses you.
You impale the ironbound frostheart!!
Your punch misses the ironbound frostheart.
The ironbound frostheart is moderately wounded.
You block the ironbound frostheart's attack.
The ironbound frostheart touches you. The ironbound frostheart freezes you!!
You closely miss the ironbound frostheart.
You kick the ironbound frostheart!
The ironbound frostheart is heavily wounded.
The ice encasing you melts away.
The ironbound frostheart touches you but does no damage.
You closely miss the ironbound frostheart.
The ironbound frostheart is heavily wounded.
The ironbound frostheart calls freezing cold from the walls.
The frost grips you!
You are encased in ice.
You barely miss the ironbound frostheart.
Your kick misses the ironbound frostheart.
The ironbound frostheart is heavily wounded.
The ironbound frostheart touches you but does no damage.
The ironbound frostheart calls freezing cold from the walls.
The frost grips you!!
* * * LOW HITPOINT WARNING * * *
You feel better.
The ironbound frostheart barely misses you.
You impale the ironbound frostheart!!
Your kick misses the ironbound frostheart.
The ironbound frostheart is severely wounded.
The ironbound frostheart calls freezing cold from the walls.
The frost grips you.
* * * LOW HITPOINT WARNING * * *
You puncture the ironbound frostheart!
Your kick misses the ironbound frostheart.
The ironbound frostheart is almost dead.
The ice encasing you melts away. The ironbound frostheart touches you!
You die...

##### ########## #.[.#
#hp†##@..#########.⌠.#
#h..##hp.##...#..#.....##
#h...
########..#...†#####


phhh #..#####.~~#~# h.p ##..##..~#~~~~ #. ###...##~~≈#~ # #####..####
.....§☼....# ....§§○....# You could see an ironbound frostheart and a polar
bear.

Vanquished Creatures
  A two-headed ogre (D:9)
  An ugly thing (IceCv)
  An ice statue (IceCv)
  A black mamba (Lair:1)
  A cane toad (Lair:1)
  2 ice devils (Lair:2)
  Psyche (D:8)
  3 trolls
  A hornet (D:9)
  10 polar bears (IceCv)
  3 blink frogs (Lair:2)
  Sigmund (D:4)
  25 yaks
  2 shadows
  A wyvern (D:9)
  A wraith (D:9)
  3 humans (D:7)
  2 steam dragons
  A warg (Lair:1)
  5 water moccasins
  7 orc warriors
  2 ice beasts (D:5)
  A black bear (D:7)
  2 sky beasts
  2 ogres
  2 hornet zombies (D:7)
  24 wolves
  A phantom (D:6)
  3 kobold brigands
  6 bullfrogs
  A necrophage (D:7)
  2 gnoll sergeants
  A wyvern zombie (D:7)
  A scorpion (D:4)
  7 wights
  4 killer bees (D:10)
  3 electric eels (D:10)
  A howler monkey (D:8)
  A bullfrog zombie (D:7)
  A centaur zombie (D:7)
  A human zombie (D:7)
  2 gnoll boudas
  6 orc priests
  8 hounds
  3 iguanas
  A sleepcap (D:4)
  Natasha (thrice) (D:4)
  6 orc wizards
  3 mummies (D:7)
  26 gnolls
  6 adders
  A shadow imp (D:6)
  2 white imps
  An ufetubus (D:4)
  3 worms
  A dart slug (D:3)
  37 orcs
  7 ball pythons
  8 bats
  4 endoplasms
  2 giant cockroaches
  7 goblins (D:1)
  5 hobgoblins
  3 jackals (D:2)
  4 quokkas
  A frilled lizard (D:1)
  12 kobolds
  4 rats
305 creatures vanquished.

Notes
Turn   | Place    | Note
-------+----------+-------------------------------------------
     0 | D:1      | coolio the Demonspawn Fighter began the quest for the Orb.
     0 | D:1      | Reached XP level 1. HP: 18/18 MP: 1/1
    40 | D:1      | Reached skill level 2 in Axes
    82 | D:1      | Gained mutation: You are partially covered in slimy green
                  | scales. (AC +2) [demonic ancestry]
    82 | D:1      | Reached XP level 2. HP: 22/24 MP: 2/2
   365 | D:1      | You fall into a shaft and drop 1 floor!
   420 | D:2      | Reached XP level 3. HP: 29/29 MP: 3/3
   558 | D:1      | Found a faded altar of an unknown god.
  1423 | D:3      | Reached skill level 3 in Axes
  1582 | D:2      | Gained mutation: You have large cloven feet. [demonic
                  | ancestry]
  1582 | D:2      | Reached XP level 4. HP: 24/35 MP: 4/4
  1812 | D:3      | Identified the +5 trident of Dithmenos's Delight {heavy,
                  | rElec Int+3 Stlth+}
  2099 | D:3      | Found an iron altar of Okawaru.
  2343 | D:4      | Noticed Sigmund
  2351 | D:4      | Killed Sigmund
  2352 | D:4      | Reached skill level 4 in Axes
  2352 | D:4      | Gained mutation: You have hoof-like feet. [demonic
                  | ancestry]
  2352 | D:4      | Reached XP level 5. HP: 32/42 MP: 5/5
  2367 | D:4      | Reached XP level 6. HP: 41/48 MP: 6/6
  2738 | D:4      | Noticed Natasha
  2753 | D:4      | Killed Natasha
  2827 | D:4      | Reached skill level 5 in Axes
  2827 | D:4      | Gained mutation: A meltable shield of frost defends you.
                  | (SH +4) [demonic ancestry]
  2827 | D:4      | Reached XP level 7. HP: 55/55 MP: 7/7
  3198 | D:4      | Noticed Natasha
  3205 | D:4      | Killed Natasha
  3421 | D:4      | Noticed Natasha
  3430 | D:4      | Killed Natasha
  3542 | D:5      | Entered Level 5 of the Dungeon
  3667 | D:5      | Reached skill level 5 in Fighting
  3766 | D:5      | Gained mutation: Your flesh is heat resistant. (rF+)
                  | [potion of mutation]
  3766 | D:5      | Gained mutation: Your spells are a little harder to cast,
                  | but a little more powerful. [potion of mutation]
  3766 | D:5      | Gained mutation: You have hidden genetic potential. [potion
                  | of mutation]
  4001 | D:5      | Reached skill level 6 in Axes
  4010 | D:5      | Reached skill level 5 in Armour
  4010 | D:5      | Gained mutation: You are mostly covered in slimy green
                  | scales. (AC +3) [demonic ancestry]
  4010 | D:5      | Reached XP level 8. HP: 35/63 MP: 8/8
  4729 | D:6      | Gained mutation: You expend magic power (3 MP) to
                  | strengthen your wands. [hidden potential]
  5078 | D:6      | Reached skill level 7 in Axes
  5723 | D:7      | Found a staircase to the Ecumenical Temple.
  5738 | Temple   | Entered the Ecumenical Temple
  5745 | Temple   | Became a worshipper of Makhleb the Destroyer
  5902 | D:7      | Reached skill level 1 in Invocations
  5911 | D:7      | Gained mutation: You are completely covered in slimy green
                  | scales. (AC +4, rPois) [demonic ancestry]
  5911 | D:7      | Reached XP level 9. HP: 39/71 MP: 10/10
  5922 | D:7      | Reached skill level 8 in Axes
  6143 | D:7      | Gained mutation: Your spells are harder to cast, but more
                  | powerful. [hidden potential]
  6143 | D:7      | Lost mutation: You have hidden genetic potential. [hidden
                  | potential expressed]
  6247 | D:7      | Reached * piety under Makhleb
  6492 | D:7      | Found an ancient bone altar of Kikubaaqudgha.
  6990 | D:8      | Reached skill level 9 in Axes
  6990 | D:8      | Reached skill level 5 in Invocations
  7152 | D:8      | Found a bloodstained altar of Trog.
  7582 | D:8      | Noticed Psyche
  7586 | D:8      | Killed Psyche
  7587 | D:8      | Gained mutation: Spells you cast may paralyse adjacent
                  | enemies. [demonic ancestry]
  7587 | D:8      | Reached XP level 10. HP: 79/79 MP: 10/14
  7637 | D:8      | Found Goaph's Magic Scroll Boutique.
  7651 | D:8      | Bought a scroll of summoning for 133 gold pieces
  7651 | D:8      | Bought a scroll of blinking for 105 gold pieces
  7651 | D:8      | Bought a scroll of blinking for 105 gold pieces
  7653 | D:8      | Bought a scroll of fear for 56 gold pieces
  8640 | D:9      | Reached skill level 10 in Axes
  8832 | D:9      | Reached ** piety under Makhleb
  8863 | D:9      | Found an opulent altar of Gozag.
  8885 | D:9      | Noticed a two-headed ogre
  8889 | D:9      | Killed a two-headed ogre
  9028 | D:9      | Found Gozag's Platinum Reserve.
  9112 | D:9      | Found a shimmering altar of Xom.
  9114 | D:9      | Found a shimmering blue altar of Sif Muna.
  9115 | D:9      | Found a broken altar of Ashenzari.
  9451 | D:10     | Entered Level 10 of the Dungeon
  9667 | D:9      | Reached skill level 11 in Axes
  9871 | D:10     | Gained mutation: A meltable icy envelope protects you from
                  | harm. (AC +4) [demonic ancestry]
  9871 | D:10     | Reached XP level 11. HP: 77/84 MP: 17/17
 10169 | D:10     | Found a staircase to the Orcish Mines.
 10197 | D:10     | Reached *** piety under Makhleb
 10322 | D:10     | Found a staircase to the Lair.
 10785 | D:10     | Found a blossoming altar of Fedhas.
 10925 | Lair:1   | Entered Level 1 of the Lair of Beasts
 11822 | Lair:2   | Reached skill level 12 in Axes
 11878 | Lair:2   | Found a frozen archway.
 11966 | IceCv    | Entered an ice cave
 12250 | IceCv    | Reached skill level 10 in Invocations
 12820 | IceCv    | Reached XP level 12. HP: 91/91 MP: 19/19
 12873 | IceCv    | Reached **** piety under Makhleb
 12877 | IceCv    | Reached skill level 13 in Axes
 13183 | IceCv    | Noticed an ironbound frostheart
 13183 | IceCv    | Noticed an ironbound frostheart
 13209 | IceCv    | Slain by an ironbound frostheart

Illustrated notes

Levels and vault maps discovered:
D:1:      dpeg_arrival_subterranean_lakeside_camping, layout_rooms,
          hellmonk_ecumenical_altar_arch_garden, nrook_mini_vaults
D:2:      wander_river, layout_basic
D:3:      layout_basic, mainiacjoe_overflow_24_doors
D:4:      layout_loops_cross, uniq_natasha, uniq_sigmund
D:5:      layout_cave_pools
D:6:      layout_basic, serial_aquarium, aquarium_bridge_straight
          [aquarium_subvault_bridge, aquarium_subvault_wall,
          aquarium_subvault_bridge, aquarium_subvault_wall],
          aquarium_bridge_long_joined [aquarium_subvault_wall,
          aquarium_subvault_bridge, aquarium_subvault_bridge,
          aquarium_subvault_wall, aquarium_subvault_wall,
          aquarium_subvault_wall], aquarium_window_fake, aquarium_window_corner,
          aquarium_window_1, aquarium_view_2d, aquarium_view_2f,
          aquarium_pool_split
D:7:      layout_gridville, lemuel_mausoleum_altar_kikubaaqudgha,
          minmay_temple_entry_arrows, minmay_hedge_maze, st_stairs_4,
          minmay_ruffians
D:8:      layout_layer_cave, trog_antimagical, serial_shops, shop,
          chequers_jeans, uniq_psyche
D:9:      layout_loops_cross, nicolae_gozag_zags_fifth_avenue,
          chequers_temple_overflow_statue_of_worship
D:10:     layout_irregular_city, lemuel_round_altar, mainiacjoe_overflow_paths,
          lemuel_coloured_pillars_altar, erik_lair_island, david_orc_5,
          serial_column_ruins, column_ruins_hut_ruined, column_ruins_columns_T,
          column_ruins_open_small, column_ruins_columns_dead_end,
          column_ruins_open_medium, column_ruins_grid_1, column_ruins_grid_4
Temple:   nicolae_temple_x_marks_the_god
Lair:1:   beast_lair_carwin_large_2, layout_misc_corridors
Lair:2:   layout_cave_pods, elwin_shoals_entry_rooms,
          portal_ice_cave_demonic_guard, st_stairs_6
IceCv:    ice_cave_caverns_03

Skill      XL: |  1  2  3  4  5  6  7  8  9 10 11 12 |
---------------+-------------------------------------+-----
Axes           | 2 3 4 5 6 7 9 11 12 13 | 13.2
Armour         | 3 4 5 7 8 9 |  9.7
Fighting       | 4 5 6 7 |  7.0
Invocations    | 2 5 8 10 11 | 11.0
Shields        | |  2.6

Action                     |  1- 3 |  4- 6 |  7- 9 | 10-12 || total
---------------------------+-------+-------+-------+-------++-------
  Melee: War axe           |   145 |    12 |       |       ||   157
         Punch             |     1 |     1 |     2 |     5 ||     9
         Trident           |       |    52 |   272 |   467 ||   791
         Kick              |       |     7 |    65 |   124 ||   196
  Evoke: Wand              |       |       |     4 |    27 ||    31
    Use: Potion            |       |     1 |     4 |     6 ||    11
         Scroll            |       |       |    10 |     9 ||    19
   Stab: Paralysed         |       |       |     3 |     5 ||     8
         Sleeping          |       |       |       |     1 ||     1
 Armour: Scale mail        |    96 |    33 |   145 |   420 ||   694
  Dodge: Dodged            |    82 |    39 |   139 |   375 ||   635
  Block: Other             |       |       |    57 |   179 ||   236
